 Dungeon Crawl Stone Soup version 0.30.1-11-g7821555f0a (webtiles) character file.

Game seed: 2910675584780492138

50 lonewolfV2 the Trooper (level 4, -2/37 HPs)
             Began as a Formicid Fighter on Nov 17, 2023.
             Slain by a gnoll
             ... wielding a +2 flail of venom
              (6 damage)
             ... on level 2 of the Dungeon.
             The game lasted 00:01:37 (1090 turns).

lonewolfV2 the Trooper (Formicid Fighter)           Turns: 1090, Time: 00:01:38

Health: -2/37      AC:  8    Str: 21    XL:     4   Next: 4%
Magic:  4/4        EV:  9    Int:  7    God:
Gold:   27         SH:  6    Dex: 15    Spells: 3/3 levels left

rFire   . . .        a - +0 war axe
rCold   . . .        c - +1 buckler
rNeg    . . .        b - +0 scale mail
rPois   .            (helmet unavailable)
rElec   .            (no cloak)
rCorr   .            (no gloves)
SInv    +            i - +0 pair of boots
Will    .....        (no amulet) Stlth
                     (no ring)
HPRegen 0.26/turn    (no ring)
MPRegen 0.09/turn

%: no passive effects
@: mighty, lethally poisoned (-2 -> -9)
A: permanent stasis, dig shafts and tunnels, antennae 3, four strong arms
a: Dig, Shaft Self


You were on level 2 of the Dungeon.
You visited 1 branch of the dungeon, and saw 2 of its levels.

You collected 27 gold pieces.

Inventory:

Hand Weapons
 a - a +0 war axe (weapon)
Armour
 b - a +0 scale mail (worn)
 c - a +1 buckler (worn)
 i - a +0 pair of boots (worn)
Scrolls
 e - a scroll of amnesia {unknown}
Potions
 f - a potion of heal wounds {unknown}
 h - a potion of degeneration
 k - a potion of curing {unknown}
 l - a potion of invisibility {unknown}
 n - a potion of magic {unknown}


   Skills:
 + Level 4.3 Fighting
 + Level 3.1 Axes
 - Level 3.2 Armour
 - Level 4.0 Shields


You had 3 spell levels left.
You didn't know any spells.
Your spell library contained the following spells:

 Spells                   Type           Power      Damage    Failure   Level
 Ensorcelled Hibernation  Hex/Ice        0%         N/A       93%         2
 Spider Form              Tmut/Pois      0%         N/A       99%         3
 Anguish                  Hex/Necr       0%         N/A       100%        4


Dungeon Overview and Level Annotations

Branches:
Dungeon (2/15)

Altars:


Innate Abilities, Weirdness & Mutations

You cannot be hasted, slowed, berserked, paralysed or teleported.
You can dig through walls and to a lower floor.
You have a pair of large antennae on your head. (SInv)
Your four strong arms can wield two-handed weapons with a shield.


Message History

A gnoll comes into view. It is wielding a +0 halberd.
The gnoll shouts!
You hear a shout!
A gnoll comes into view. It is wielding a +2 flail of venom.
The gnoll shouts!
A gnoll comes into view. It is wielding a +0 whip.
The gnoll shouts!
A rat comes into view.
The gnoll hits you with a +0 halberd!
You closely miss the gnoll. The gnoll hits you with a +0 halberd.
You hit the gnoll.
The gnoll is lightly wounded.
An iguana comes into view.
You block the gnoll's attack.
The iguana hisses angrily.
You slash the gnoll!
You kill the gnoll!
The gnoll hits you but does no damage.
You are poisoned.
You have reached level 4!
You feel stronger.
You feel very mighty all of a sudden.
You feel very sick. The gnoll barely misses you.
You slash the gnoll!
The gnoll is severely wounded.
You feel very sick.
The gnoll hits you with a +2 flail of venom.
* * * LOW HITPOINT WARNING * * *
You are lethally poisoned!
You hit the gnoll.
The gnoll is almost dead.
* * * LOW HITPOINT WARNING * * *
You feel very sick. The gnoll barely misses you. You block the gnoll's attack.
You barely miss the gnoll.
The gnoll is almost dead.
* * * LOW HITPOINT WARNING * * *
You feel very sick.
The gnoll hits you with a +2 flail of venom.
You die...

<# #.# #.# .####.# #.#
......# #.# ####### #.#
.## #.# ..## ####.#
...## ##.##.#
....####...#.#########..
....'...........@ggr....
....####.....######l#...
...## ##..### ..## ##.#
.## #.# ## #.# #### #.#
...# #.# ##.#######.#


You could see an iguana, 2 gnolls and a rat.

Vanquished Creatures
  A gnoll (D:2)
  An adder (D:2)
  A dart slug (D:2)
  3 bats (D:1)
  4 endoplasms (D:1)
  2 giant cockroaches (D:1)
  A hobgoblin (D:1)
  6 jackals (D:1)
  A ball python (D:1)
  A frilled lizard (D:1)
  6 kobolds (D:1)
  3 rats (D:1)
30 creatures vanquished.

Notes
Turn   | Place    | Note
-------+----------+-------------------------------------------
     0 | D:1      | lonewolfV2 the Formicid Fighter began the quest for the
                  | Orb.
     0 | D:1      | Reached XP level 1. HP: 18/18 MP: 1/1
   191 | D:1      | Reached XP level 2. HP: 22/24 MP: 2/2
   547 | D:1      | Reached XP level 3. HP: 28/30 MP: 3/3
  1087 | D:2      | Reached XP level 4. HP: 18/37 MP: 4/4
  1090 | D:2      | Slain by a gnoll

Illustrated notes

Levels and vault maps discovered:
D:1:      amcnicky_arrival_blooded_trapdoor, layout_basic,
          hangedman_decor_clover_reticule, minmay_misc_feat_columns
D:2:      layout_loops_corners

Skill      XL: |  1  2  3 |
---------------+----------+-----
Fighting       | 4 |  4.3
Axes           | 3 |  3.1
Armour         | |  3.2
Shields        | |  4.0

Action                     |  1- 3 |  4- 6 || total
---------------------------+-------+-------++-------
  Melee: War axe           |    61 |     3 ||    64
    Use: Scroll            |     4 |       ||     4
         Potion            |       |     1 ||     1
 Armour: Scale mail        |    33 |       ||    33
  Dodge: Dodged            |    26 |     2 ||    28
  Block: Buckler           |    20 |     1 ||    21
